 Dungeon Crawl Stone Soup version 0.31-a0-1-g4198be8af4 (webtiles) character file.

Game seed: 8445988901328735

76 subawu the Grasshopper (level 4, -5/38 HPs)
             Began as a Gnoll Warper on May 2, 2023.
             Killed by divine providence
             ... invoked by an orc priest
              (15 damage)
             ... on level 3 of the Dungeon.
             The game lasted 00:15:04 (3125 turns).

subawu the Grasshopper (Gnoll Warper)               Turns: 3125, Time: 00:15:05

Health: -5/38      AC: 10    Str: 13    XL:     4   Next: 32%
Magic:  11/11      EV: 12    Int: 12    God:
Gold:   142        SH:  0    Dex: 11    Spells: 13/13 levels left

rFire   + . .        a - +0 hand axe
rCold   x . .        (no shield)
rNeg    . . .        b - +1 leather armour
rPois   .            z - +0 helmet
rElec   .            n - +0 cloak
rCorr   .            (no gloves)
SInv    .            (no boots)
Will    .....        (no amulet)
Stlth   +            r - +4 ring of protection
HPRegen 0.26/turn    m - ring of fire
MPRegen 0.12/turn

%: no passive effects
@: no status effects
A: fangs 1, strong nose, distributed training
a: no special abilities


You were on level 3 of the Dungeon.
You visited 1 branch of the dungeon, and saw 3 of its levels.

You collected 142 gold pieces.

Inventory:

Hand Weapons
 a - a +0 hand axe (weapon)
 e - a +0 sling
 i - a +0 whip
 j - a +0 whip
 k - a +0 club
 o - a +0 dagger
 v - a +0 falchion
 y - a +0 whip
 B - a +0 short sword
 E - a +0 whip
 J - a +0 trident
Missiles
 d - 7 boomerangs of dispersal (quivered)
 f - 32 stones
 g - 6 poisoned darts
 u - 4 curare-tipped darts
 G - a throwing net
Armour
 b - a +1 leather armour (worn)
 n - a +0 cloak (worn)
 t - a +0 robe
 z - a +0 helmet (worn)
 A - a +0 chain mail
Jewellery
 m - a ring of fire (right hand)
 r - a +4 ring of protection (left hand)
Wands
 C - a wand of flame (24)
Scrolls
 h - 3 scrolls of identify
 l - a scroll of enchant armour
 q - a scroll of summoning
 s - 2 scrolls of enchant weapon {unknown}
 w - 5 scrolls of magic mapping
 x - a scroll of brand weapon {unknown}
 D - 2 scrolls of fog {unknown}
 I - a scroll of teleportation {unknown}
Potions
 p - a potion of lignification
 F - 2 potions of resistance {unknown}
 H - a potion of degeneration {unknown}


   Skills:
 + Level 4.6 Fighting
 + Level 1.1 Short Blades
 + Level 1.1 Long Blades
 + Level 4.6 Axes
 + Level 1.1 Maces & Flails
 + Level 1.1 Polearms
 + Level 1.1 Staves
 + Level 1.1 Ranged Weapons
 + Level 2.7 Throwing
 + Level 2.7 Armour
 + Level 4.6 Dodging
 + Level 1.1 Stealth
 + Level 1.1 Shields
 + Level 1.1 Unarmed Combat
 + Level 5.1 Spellcasting
 + Level 0.9 Conjurations
 + Level 0.9 Hexes
 + Level 0.9 Summonings
 + Level 0.9 Necromancy
 + Level 5.4 Translocations
 + Level 0.9 Transmutations
 + Level 0.9 Fire Magic
 + Level 0.9 Ice Magic
 + Level 0.9 Air Magic
 + Level 0.9 Earth Magic
 + Level 0.9 Poison Magic
 + Level 1.2 Invocations
 + Level 1.1 Evocations


You had 13 spell levels left.
You didn't know any spells.
Your spell library contained the following spells:

 Spells                   Type           Power      Damage    Failure   Level
 Blink                    Tloc           32%        N/A       4%          2
 Lesser Beckoning         Tloc           32%        N/A       4%          2
 Teleport Other           Tloc           16%        N/A       8%          3
 Vhi's Electric Charge    Tloc/Air       20%        N/A       21%         3
 Ensorcelled Hibernation  Hex/Ice        10%        N/A       26%         2
 Passwall                 Tmut/Erth      4%         N/A       26%         2
 Manifold Assault         Tloc           16%        N/A       26%         4
 Swiftness                Air            5%         N/A       45%         3


Dungeon Overview and Level Annotations

Branches:
Dungeon (3/15)

Altars:


Innate Abilities, Weirdness & Mutations

You have very sharp teeth.
Your uncanny sense of smell can sniff out nearby items.
Your experience applies equally to all skills.


Message History

You closely miss the orc priest.
You bite the orc priest, but do no damage.
The orc priest is moderately wounded.
The orc priest hits you with a +0 flail!
You closely miss the orc priest.
The orc priest is moderately wounded.
The orc priest barely misses you.
You hit the orc priest. You bite the orc priest.
The orc priest is moderately wounded.
The orc priest hits you with a +0 flail!
You hit the orc priest but do no damage.
The orc priest is moderately wounded.
The orc priest hits you with a +0 flail.
You hit the orc priest.
The orc priest is heavily wounded.
The orc priest hits you but does no damage.
The orc priest attacks as you move away!
The orc priest closely misses you.
You barely miss the orc priest.
The orc priest is heavily wounded.
The orc priest hits you with a +0 flail.
You barely miss the orc priest. You bite the orc priest.
The orc priest is heavily wounded.
The orc priest closely misses you.
You barely miss the orc priest. Your bite misses the orc priest.
The orc priest is heavily wounded.
The orc priest hits you but does no damage.
You barely miss the orc priest. You punch the orc priest.
The orc priest is severely wounded.
The orc priest looks braver for a moment.
You barely miss the orc priest.
The orc priest is heavily wounded.
The orc priest hits you with a +0 flail.
* * * LOW HITPOINT WARNING * * *
You completely miss the orc priest.
The orc priest is heavily wounded.
The orc priest hits you but does no damage.
The orc priest mumbles some strange prayers to Beogh against you.
Beogh smites you!
You die...

.#..###...####.#
.##.#....###... .........##
#.# .#..###.# ...
....##..## #.# .#... #..
... ..####>## #.# ..# ###
.. .## .. #..####..# ## ##.
##..#... # #.. #.#.# ### #
#.# ########...##...### #
#.# #......o@..........
####.###..##..........#....
...†.........######......##
####.#...##### #...##.#
#...### #...# ∆.. ##..##
##### # #.§## o...## )###


You could see an orc priest.

Vanquished Creatures
  An iguana (D:3)
  2 worms
  3 dart slugs
  An orc (D:3)
  An endoplasm (D:3)
  A giant cockroach (D:3)
  4 goblins
  5 hobgoblins
  2 jackals (D:3)
  A quokka (D:1)
  5 ball pythons
  3 bats (D:1)
  A frilled lizard (D:2)
  4 kobolds
  3 rats
37 creatures vanquished.

Vanquished Creatures (others)
  7 plants (D:1)
7 creatures vanquished.

Grand Total: 44 creatures vanquished

Notes
Turn   | Place    | Note
-------+----------+-------------------------------------------
     0 | D:1      | subawu the Gnoll Warper began the quest for the Orb.
     0 | D:1      | Reached XP level 1. HP: 20/20 MP: 6/6
   268 | D:1      | Reached XP level 2. HP: 20/26 MP: 7/7
  1878 | D:2      | Reached skill level 5 in Spellcasting
  1878 | D:2      | Reached XP level 3. HP: 31/31 MP: 7/9
  2481 | D:2      | Reached skill level 1 in Invocations
  2639 | D:3      | Reached skill level 1 in Short Blades
  2639 | D:3      | Reached skill level 1 in Long Blades
  2639 | D:3      | Reached skill level 1 in Maces & Flails
  2639 | D:3      | Reached skill level 1 in Polearms
  2639 | D:3      | Reached skill level 1 in Staves
  2639 | D:3      | Reached skill level 1 in Ranged Weapons
  2639 | D:3      | Reached skill level 1 in Stealth
  2639 | D:3      | Reached skill level 1 in Shields
  2639 | D:3      | Reached skill level 1 in Unarmed Combat
  2639 | D:3      | Reached skill level 1 in Evocations
  2639 | D:3      | Reached XP level 4. HP: 10/38 MP: 11/11
  3125 | D:3      | Killed from afar by an orc priest

Illustrated notes

Levels and vault maps discovered:
D:1:      beargit_arrival_diablo_church, layout_basic, kennysheep_minor_cross,
          nicolae_kite_square_tiling_tiny, roderic_serpentine_path,
          chequers_mini_garden, st_stairs_9, serial_bayou_lagoon_a, minivault_23
D:2:      layout_loops_ring
D:3:      layout_rooms, minivault_19, minmay_misc_feat_encased

Skill      XL: |  1  2  3 |
---------------+----------+-----
Spellcasting   | 5 |  5.1
Invocations    | 1 |  1.2
Short Blades   | 1 |  1.1
Long Blades    | 1 |  1.1
Maces & Flails | 1 |  1.1
Polearms       | 1 |  1.1
Staves         | 1 |  1.1
Ranged Weapons | 1 |  1.1
Stealth        | 1 |  1.1
Shields        | 1 |  1.1
Unarmed Combat | 1 |  1.1
Evocations     | 1 |  1.1
Fighting       | |  4.6
Axes           | |  4.6
Throwing       | |  2.7
Armour         | |  2.7
Dodging        | |  4.6
Conjurations   | |  0.9
Hexes          | |  0.9
Summonings     | |  0.9
Necromancy     | |  0.9
Translocations | |  5.4
Transmutations | |  0.9
Fire Magic     | |  0.9
Ice Magic      | |  0.9
Air Magic      | |  0.9
Earth Magic    | |  0.9
Poison Magic   | |  0.9

Action                     |  1- 3 |  4- 6 || total
---------------------------+-------+-------++-------
  Melee: Hand axe          |   124 |    44 ||   168
         Bite              |    15 |    11 ||    26
         Punch             |     1 |     2 ||     3
    Use: Scroll            |     5 |     1 ||     6
 Armour: Leather armour    |    53 |    15 ||    68
  Dodge: Dodged            |   124 |    27 ||   151

Table legend: (Time is in decaauts)
 A = Elapsed time spent in this place.
 B = Non-inter-level travel time spent in this place.
 C = Inter-level travel time spent in this place.
 D = Time resting spent in this place.
 E = Time spent auto-exploring this place.
 F = Levels seen in this place.
 G = Mean time per level.
                   A        B        C        D        E       F      G
               +--------+--------+--------+--------+--------+-----+--------+
         Total |   3167 |   2587 |    580 |     78 |      0 |   3 | 1055.7 |
       Dungeon |   3167 |   2587 |    580 |     78 |      0 |   3 | 1055.7 |
               +--------+--------+--------+--------+--------+-----+--------+

Top non-repeatable levels by time:
     D:1: 1810 daAuts
     D:2: 832 daAuts
     D:3: 523 daAuts
